TOP OF THE 1ST |
Purdue Boilermakers batting - Pitching for Colorado Buffaloes : LHP David Rodríguez
|
Pitching: LHP David Rodríguez
|
|
Batting: RHB Aaron Baker
|
0-0: Swinging Strike 0-1: Fly out, F7 (Line Drive, 7D)
|
Batting: RHB Mark Jordan
|
0-0: Ball 1-0: Ball 2-0: Swinging Strike 2-1: Ball 3-1: Fly out, F8 (Flyball, 89D)
|
Batting: SHB Bryan Atkins
|
0-0: Ball 1-0: Ball 2-0: Called Strike 2-1: Ball 3-1: Base on Balls
|
Batting: RHB Reggie Calhoun
|
0-0: Called Strike 0-1: Called Strike 0-2: Ball 1-2: Foul Ball, location: 2F 1-2: Strikes out swinging
|
Top of the 1st over - 0 runs, 0 hits, 0 errors, 1 left on base; Purdue 0 - Colorado 0 |
BOTTOM OF THE 1ST |
Colorado Buffaloes batting - Pitching for Purdue Boilermakers : RHP Bill Washington
|
Pitching: RHP Bill Washington
|
|
Batting: LHB Walt George
|
0-0: Ball 1-0: Foul Ball, location: 2F 1-1: Ball 2-1: Fly out, F8 (Flyball, 8RD)
|
Batting: LHB Gene Cherry
|
0-0: Ball 1-0: Ball 2-0: Ball 3-0: Base on Balls
|
Batting: LHB Claudio Jaramillo
|
0-0: Ball 1-0: Called Strike 1-1: Grounds into double play, 4-6-3 (Groundball, 4)
|
Bottom of the 1st over - 0 runs, 0 hits, 0 errors, 0 left on base; Purdue 0 - Colorado 0 |
TOP OF THE 2ND |
Purdue Boilermakers batting - Pitching for Colorado Buffaloes : LHP David Rodríguez
|
Batting: RHB Ryan Carpenter
|
0-0: Foul Ball, location: 2F 0-1: Ball 1-1: Called Strike 1-2: Strikes out swinging
|
Batting: SHB Guy Chávez
|
0-0: Swinging Strike 0-1: Ball 1-1: Ball 2-1: SINGLE (Line Drive, 8RS)
|
Batting: RHB Dan Osborne
|
0-0: Ball 1-0: Swinging Strike 1-1: SINGLE (Groundball, 4MD) Guy Chávez to second Runner from 2nd tries for 3rd, SAFE, no throw
|
Batting: LHB Norm St. John
|
0-0: Called Strike 0-1: Ball 1-1: Foul Ball, location: 2F 1-2: DOUBLE (Line Drive, 7LS) Guy Chávez scores Dan Osborne to third Runner from 3rd tries for Home, throw and OUT!
|
Batting: RHB Bob Colbert
|
0-0: Hit by Pitch
|
Batting: RHB Aaron Baker
|
0-0: Called Strike 0-1: Ball 1-1: Foul Ball, location: 2F 1-2: Ball 2-2: SINGLE (Groundball, 56D) Norm St. John to third Bob Colbert to second Runner from 3rd tries for Home, SAFE, no throw
|
Batting: RHB Mark Jordan
|
0-0: Ball 1-0: Ball 2-0: Foul Ball, location: 2F 2-1: Ball 3-1: Foul Ball, location: 2F 3-2: Ground out 6-3 (Groundball, 6)
|
Top of the 2nd over - 2 runs, 4 hits, 0 errors, 2 left on base; Purdue 2 - Colorado 0 |
BOTTOM OF THE 2ND |
Colorado Buffaloes batting - Pitching for Purdue Boilermakers : RHP Bill Washington
|
Batting: LHB Larry Chase
|
0-0: Ball 1-0: SINGLE (Line Drive, 5)
|
Batting: RHB Frank Ruffin
|
0-0: Ball 1-0: Ball 2-0: Ball 3-0: Base on Balls Larry Chase to second
|
Batting: LHB Dan Jeffries
|
0-0: Ball 1-0: Foul Ball, location: 2F 1-1: Foul Ball, location: 2F 1-2: DOUBLE (Line Drive, 78D) Larry Chase scores Frank Ruffin to third
|
Batting: RHB Jason Taylor
|
0-0: Ball 1-0: Fly out, F8 (Flyball, 8RXD) Runner from 3rd tags up, SCORES, no throw
|
Batting: RHB Alexander Fernández
|
0-0: Ball 1-0: Foul Ball, location: 2F 1-1: Ball 2-1: Ball 3-1: Ground out 6-3 (Groundball, 6)
|
Batting: LHB Scott Hall
|
0-0: Fly out, F7 (Flyball, 7LSF)
|
Bottom of the 2nd over - 2 runs, 2 hits, 0 errors, 1 left on base; Purdue 2 - Colorado 2 |
TOP OF THE 3RD |
Purdue Boilermakers batting - Pitching for Colorado Buffaloes : LHP David Rodríguez
|
Batting: SHB Bryan Atkins
|
0-0: Called Strike 0-1: Foul Ball, location: 2F 0-2: Foul Ball, location: 2F 0-2: Ball 1-2: Foul Ball, location: 2F 1-2: Strikes out swinging
|
Batting: RHB Reggie Calhoun
|
0-0: Ball 1-0: SOLO HOME RUN (Flyball, 7LD), Distance : 325 ft
|
Batting: RHB Ryan Carpenter
|
0-0: Ball 1-0: Ball 2-0: Called Strike 2-1: Ball 3-1: SINGLE (Line Drive, 9S)
|
Batting: SHB Guy Chávez
|
0-0: Ball 1-0: Foul Ball, location: 2F 1-1: Ball 2-1: Fly out, F8 (Flyball, 8RM)
|
Batting: RHB Dan Osborne
|
0-0: Swinging Strike 0-1: Foul Ball, location: 2F 0-2: Fly out, F7 (Line Drive, 7)
|
Top of the 3rd over - 1 run, 2 hits, 0 errors, 1 left on base; Purdue 3 - Colorado 2 |
BOTTOM OF THE 3RD |
Colorado Buffaloes batting - Pitching for Purdue Boilermakers : RHP Bill Washington
|
Batting: LHB Walt George
|
0-0: Ball 1-0: Swinging Strike 1-1: Ball 2-1: Ball 3-1: Swinging Strike 3-2: Strikes out swinging
|
Batting: LHB Gene Cherry
|
0-0: Foul Ball, location: 2F 0-1: Ball 1-1: Swinging Strike 1-2: Strikes out looking
|
Batting: LHB Claudio Jaramillo
|
0-0: Ball 1-0: Ball 2-0: Foul Ball, location: 2F 2-1: Ball 3-1: Base on Balls
|
Batting: LHB Larry Chase
|
0-0: Ball 1-0: Foul Ball, location: 2F 1-1: Ball 2-1: Ball 3-1: DOUBLE (Line Drive, 5D) Claudio Jaramillo to third Runner from 3rd tries for Home, SAFE, no throw
|
Batting: RHB Frank Ruffin
|
0-0: Swinging Strike 0-1: Ball 1-1: Ball 2-1: Swinging Strike 2-2: Ground out 4-3 (Groundball, 4)
|
Bottom of the 3rd over - 1 run, 1 hit, 0 errors, 1 left on base; Purdue 3 - Colorado 3 |
TOP OF THE 4TH |
Purdue Boilermakers batting - Pitching for Colorado Buffaloes : LHP David Rodríguez
|
Batting: LHB Norm St. John
|
0-0: Ball 1-0: SOLO HOME RUN (Line Drive, 89XD), Distance : 387 ft
|
Batting: RHB Bob Colbert
|
0-0: Reached on error, E5 (Groundball, 56S)
|
Batting: RHB Aaron Baker
|
0-0: Ball 1-0: Called Strike Bob Colbert steals 2nd base 1-1: Ball 2-1: SINGLE (Groundball, 34D) Bob Colbert to third Runner from 3rd tries for Home, SAFE, no throw
|
Batting: RHB Mark Jordan
|
0-0: Called Strike 0-1: Called Strike 0-2: Ball 1-2: Strikes out swinging
|
Batting: SHB Bryan Atkins
|
0-0: Ball 1-0: Ball 2-0: Ball 3-0: Foul Ball, location: 2F 3-1: Swinging Strike 3-2: Strikes out swinging
|
Pitching: LHP Andrew Mock
|
|
Batting: RHB Reggie Calhoun
|
0-0: Called Strike 0-1: Fly out, F9 (Flyball, 9LD)
|
Top of the 4th over - 2 runs, 2 hits, 1 error, 1 left on base; Purdue 5 - Colorado 3 |
BOTTOM OF THE 4TH |
Colorado Buffaloes batting - Pitching for Purdue Boilermakers : RHP Bill Washington
|
Batting: LHB Dan Jeffries
|
0-0: Called Strike 0-1: Ball 1-1: Foul Ball, location: 2F 1-2: Ground out 6-3 (Groundball, 6)
|
Batting: RHB Jason Taylor
|
0-0: Ball 1-0: Foul Ball, location: 2F 1-1: Called Strike 1-2: Ball 2-2: Ball 3-2: Base on Balls
|
Batting: RHB Alexander Fernández
|
0-0: Ball 1-0: Swinging Strike 1-1: SINGLE (Flyball, 89M) Jason Taylor to second
|
Batting: LHB Scott Hall
|
0-0: Ball 1-0: Ball 2-0: SINGLE (Line Drive, 4D) Jason Taylor to third Alexander Fernández to second
|
Batting: LHB Walt George
|
0-0: Ball 1-0: Foul Ball, location: 2F 1-1: Ground out 6-3 (Groundball, 6S) Jason Taylor scores Alexander Fernández to third Scott Hall to second
|
Batting: LHB Gene Cherry
|
0-0: Reached via error on a dropped throw, E1 Alexander Fernández scores Scott Hall to third
|
Pitching: RHP Kel Phillips
|
|
Batting: LHB Claudio Jaramillo
|
0-0: Ball 1-0: Foul Ball, location: 2F 1-1: Ball 2-1: Ball 3-1: 3-RUN HOME RUN (Flyball, 9LD), Distance : 317 ft
|
Batting: LHB Larry Chase
|
0-0: Ball 1-0: Ball 2-0: Ball 3-0: Base on Balls
|
Batting: RHB Frank Ruffin
|
0-0: Called Strike 0-1: Called Strike 0-2: SINGLE (Flyball, 8RS) Larry Chase to second
|
Batting: LHB Dan Jeffries
|
0-0: Foul Ball, location: 2F 0-1: Ground out 3-1 (Groundball, 34)
|
Bottom of the 4th over - 5 runs, 4 hits, 1 error, 2 left on base; Purdue 5 - Colorado 8 |
TOP OF THE 5TH |
Purdue Boilermakers batting - Pitching for Colorado Buffaloes : LHP Andrew Mock
|
Batting: RHB Ryan Carpenter
|
0-0: Called Strike 0-1: Ball 1-1: Called Strike 1-2: Foul Ball, location: 2F 1-2: Ball 2-2: Ball 3-2: Ground out 3-1 (Groundball, 34)
|
Batting: SHB Guy Chávez
|
0-0: SINGLE (Groundball, 6) (infield hit)
|
Batting: RHB Dan Osborne
|
0-0: Foul Ball, location: 2F 0-1: Called Strike 0-2: Strikes out looking
|
Batting: LHB Norm St. John
|
0-0: Ball 1-0: Ball 2-0: Ball 3-0: Base on Balls Guy Chávez to second
|
Batting: RHB Bob Colbert
|
0-0: SINGLE (Groundball, 6MS) (infield hit) Guy Chávez to third Norm St. John to second
|
Batting: RHB Aaron Baker
|
0-0: Ball 1-0: Ball 2-0: Fielders Choice at 2nd, 6-4 (Groundball, 6D)
|
Top of the 5th over - 0 runs, 2 hits, 0 errors, 3 left on base; Purdue 5 - Colorado 8 |
BOTTOM OF THE 5TH |
Colorado Buffaloes batting - Pitching for Purdue Boilermakers : RHP Kel Phillips
|
Batting: RHB Jason Taylor
|
0-0: Called Strike 0-1: Swinging Strike 0-2: Strikes out swinging
|
Batting: RHB Alexander Fernández
|
0-0: Ball 1-0: Ball 2-0: Called Strike 2-1: Called Strike 2-2: Strikes out swinging
|
Batting: LHB Scott Hall
|
0-0: Called Strike 0-1: Foul Ball, location: 2F 0-2: Foul Ball, location: 2F 0-2: Foul Ball, location: 2F 0-2: Ball 1-2: Fly out, F8 (Flyball, 8LD)
|
Bottom of the 5th over - 0 runs, 0 hits, 0 errors, 0 left on base; Purdue 5 - Colorado 8 |
TOP OF THE 6TH |
Purdue Boilermakers batting - Pitching for Colorado Buffaloes : LHP Andrew Mock
|
Batting: RHB Mark Jordan
|
0-0: Called Strike 0-1: Ball 1-1: Ball 2-1: Foul Ball, location: 2F 2-2: Ball 3-2: Strikes out looking
|
Batting: SHB Bryan Atkins
|
0-0: Fly out, F9 (Flyball, 9)
|
Batting: RHB Reggie Calhoun
|
0-0: Ball 1-0: Called Strike 1-1: Called Strike 1-2: Ball 2-2: Foul Ball, location: 2F 2-2: Ball 3-2: Fly out, F3 (Line Drive, 3)
|
Top of the 6th over - 0 runs, 0 hits, 0 errors, 0 left on base; Purdue 5 - Colorado 8 |
BOTTOM OF THE 6TH |
Colorado Buffaloes batting - Pitching for Purdue Boilermakers : RHP Kel Phillips
|
Batting: LHB Walt George
|
0-0: Foul Ball, location: 2F 0-1: Called Strike 0-2: Foul Ball, location: 2F 0-2: Ball 1-2: Ball 2-2: Foul Ball, location: 2F 2-2: Foul Ball, location: 2F 2-2: Ball 3-2: SOLO HOME RUN (Flyball, 9LD), Distance : 313 ft
|
Pitching: RHP Ron Williams
|
|
Batting: LHB Gene Cherry
|
0-0: Called Strike 0-1: Ball 1-1: Foul Ball, location: 2F 1-2: Strikes out looking
|
Batting: LHB Claudio Jaramillo
|
0-0: Ball 1-0: Swinging Strike 1-1: Foul Ball, location: 2F 1-2: Ground out 4-3 (Groundball, 4)
|
Batting: LHB Larry Chase
|
0-0: Foul Ball, location: 2F 0-1: Foul Ball, location: 2F 0-2: Ball 1-2: Ball 2-2: Ball 3-2: Base on Balls
|
Batting: RHB Frank Ruffin
|
0-0: Ball 1-0: Ball 2-0: Ball 3-0: Base on Balls Larry Chase to second
|
Batting: LHB Dan Jeffries
|
0-0: Ball 1-0: Swinging Strike 1-1: Fly out, F8 (Flyball, 8RS)
|
Bottom of the 6th over - 1 run, 1 hit, 0 errors, 2 left on base; Purdue 5 - Colorado 9 |
TOP OF THE 7TH |
Purdue Boilermakers batting - Pitching for Colorado Buffaloes : LHP Andrew Mock
|
Batting: RHB Ryan Carpenter
|
0-0: Ball
|
|
|
|
1-0: Fly out, F1 (Line Drive, 15)
|
Batting: SHB Guy Chávez
|
0-0: Ball 1-0: Ball 2-0: Foul Ball, location: 2F 2-1: Called Strike 2-2: Ball 3-2: Base on Balls
|
Batting: RHB Dan Osborne
|
0-0: Called Strike 0-1: Ball 1-1: Ball 2-1: Foul Ball, location: 2F 2-2: Foul Ball, location: 2F 2-2: Foul Ball, location: 2F 2-2: Strikes out swinging
|
Pitching: RHP Mark Houcke
|
|
Batting: LHB Norm St. John
|
0-0: Ball 1-0: 2-RUN HOME RUN (Flyball, 89XD), Distance : 383 ft
|
Batting: RHB Bob Colbert
|
0-0: Fly out, F6 (Line Drive, 56)
|
Top of the 7th over - 2 runs, 1 hit, 0 errors, 0 left on base; Purdue 7 - Colorado 9 |
BOTTOM OF THE 7TH |
Colorado Buffaloes batting - Pitching for Purdue Boilermakers : RHP Ron Williams
|
Batting: RHB Jason Taylor
|
0-0: Ball 1-0: Ball 2-0: Foul Ball, location: 2F 2-1: Foul Ball, location: 2F 2-2: Foul Ball, location: 2F 2-2: Strikes out swinging
|
Batting: RHB Alexander Fernández
|
0-0: Called Strike 0-1: Called Strike 0-2: Ball 1-2: Fly out, F4 (Popup, 23)
|
Batting: LHB Scott Hall
|
0-0: Ball 1-0: Ground out 4-3 (Groundball, 4)
|
Bottom of the 7th over - 0 runs, 0 hits, 0 errors, 0 left on base; Purdue 7 - Colorado 9 |
TOP OF THE 8TH |
Purdue Boilermakers batting - Pitching for Colorado Buffaloes : RHP Mark Houcke
|
Batting: RHB Aaron Baker
|
0-0: Called Strike 0-1: Ball 1-1: Called Strike 1-2: Ball 2-2: Strikes out swinging
|
Batting: RHB Mark Jordan
|
0-0: Foul Ball, location: 2F 0-1: Swinging Strike 0-2: Ball 1-2: Ball 2-2: Foul Ball, location: 2F 2-2: Ball 3-2: Foul Ball, location: 2F 3-2: Base on Balls
|
Batting: SHB Bryan Atkins
|
0-0: Ball 1-0: Called Strike 1-1: Ball 2-1: Ball 3-1: Base on Balls Mark Jordan to second
|
Batting: RHB Reggie Calhoun
|
0-0: Called Strike 0-1: Ball 1-1: Ball 2-1: Foul Ball, location: 2F 2-2: Ball 3-2: Foul Ball, location: 2F 3-2: Strikes out swinging
|
Batting: RHB Ryan Carpenter
|
0-0: Called Strike 0-1: Called Strike 0-2: Strikes out swinging
|
Top of the 8th over - 0 runs, 0 hits, 0 errors, 2 left on base; Purdue 7 - Colorado 9 |
BOTTOM OF THE 8TH |
Colorado Buffaloes batting - Pitching for Purdue Boilermakers : RHP Ron Williams
|
Batting: LHB Walt George
|
0-0: Ball 1-0: Ball 2-0: Called Strike 2-1: Ball 3-1: Base on Balls
|
Pitching: RHP Ken Gardner
|
|
Batting: LHB Gene Cherry
|
0-0: Ball 1-0: Foul Ball, location: 2F 1-1: Swinging Strike 1-2: Ball 2-2: Foul Ball, location: 2F 2-2: Ball 3-2: Strikes out swinging Walt George steals 2nd base Batter strikes out.
|
Batting: LHB Claudio Jaramillo
|
0-0: Intentional Walk
|
Batting: LHB Larry Chase
|
0-0: Called Strike 0-1: Called Strike 0-2: Grounds into double play, 3-6-1 (Groundball, 3)
|
Bottom of the 8th over - 0 runs, 0 hits, 0 errors, 1 left on base; Purdue 7 - Colorado 9 |
TOP OF THE 9TH |
Purdue Boilermakers batting - Pitching for Colorado Buffaloes : RHP Mark Houcke
|
Pitching: RHP Geoff Reeves
|
|
Batting: SHB Guy Chávez
|
0-0: Foul Ball, location: 2F 0-1: Foul Ball, location: 2F 0-2: SINGLE (Flyball, 8RS)
|
Pinch Hitting: LHB Danny Powell
|
0-0: Ball 1-0: Ball 2-0: Fly out, F9 (Line Drive, 89D)
|
Batting: LHB Norm St. John
|
0-0: Ball 1-0: Ball 2-0: Foul Ball, location: 2F 2-1: Called Strike 2-2: Ball 3-2: Base on Balls Guy Chávez to second
|
Batting: RHB Bob Colbert
|
0-0: SINGLE (Groundball, 4MD) Guy Chávez to third Norm St. John to second
|
Batting: RHB Aaron Baker
|
0-0: Called Strike 0-1: Grounds into double play, 3-2-3 (Groundball, 34S)
|
Top of the 9th over - 0 runs, 2 hits, 0 errors, 2 left on base; Purdue 7 - Colorado 9 |
|
Saturday, April 7th, 2018 - OOTP Baseball 18.8 Build 76
|
|